 Dungeon Crawl Stone Soup version 0.27-a0-1071-ga85bd9520d (webtiles) character file.

Game seed: 1030199222073260260

214238 amOGus the End of an Era (level 18, -11/178 HPs)
             Began as a Deep Dwarf Fighter on Apr 24, 2021.
             Was the Champion of Qazlal.
             Killed by a resonance strike
             ... invoked by a ragged hierophant
              (22 damage)
             ... in the Desolation of Salt.
             The game lasted 00:19:28 (21082 turns).

amOGus the End of an Era (Deep Dwarf Fighter)      Turns: 21082, Time: 00:19:29

Health: -11/178    AC: 44    Str: 38    XL:     18   Next: 29%
Magic:  0/0        EV:  5    Int:  7    God:    Qazlal [******]
Gold:   1802       SH: 35    Dex: 14    Spells: 17/17 levels left

rFire    + . .     SeeInvis +   s - +6 broad axe "Zeng" {freeze, rN+ Stlth+}
rCold    . . .     Faith    .   Q - +0 tower shield
rNeg     + + .     Spirit   .   G - +3 crystal plate armour
rPois    +         Reflect  +   P - +1 hat of Grace {Contam rPois Str+3 SInv}
rElec    +         Harm     .   H - +1 cloak of Irchiara {rF+ Str+7 SInv Stlth-}
rCorr    .         Rampage  .   F - +2 pair of gloves
Will     ++...                  O - +1 pair of boots "Obiuhoemn" {rElec rPois}
Stlth    ..........             W - amulet of reflection
HPRegen  0.00/turn              p - +4 ring of protection
MPRegen  0.07/turn              j - +4 ring of slaying

@: protected from physical damage, non-regenerating, repel missiles
A: damage resistance, heal wounds, negative energy resistance 1, sense
surroundings 3, no regeneration, iridescent scales 1, agile 1, dopey 1
}: 1/15 runes: gossamer
a: Heal Wounds, Renounce Religion, Upheaval, Elemental Force, Disaster Area


You were in the Desolation of Salt.
You worshipped Qazlal.
Qazlal was exalted by your worship.
You visited 6 branches of the dungeon, and saw 30 of its levels.
You visited the Abyss 1 time.
You also visited: Bailey, Gauntlet, Ice Cave and Desolation.

You collected 2807 gold pieces.
You spent 1005 gold pieces at shops.

Inventory:

Hand Weapons
 a - a +1 war axe
 o - a +2 scimitar of distortion
   (You took it off a skeletal warrior on level 11 of the Dungeon)
 s - the +6 broad axe "Zeng" (weapon) {freeze, rN+ Stlth+}
   (You found it on level 3 of the Lair of Beasts)

   It has been specially enchanted to freeze those struck by it, causing extra
   injury to most foes and up to half again as much damage against particularly
   susceptible opponents.
   It can also slow down cold-blooded creatures.
   It protects you from negative energy.
   It makes you more stealthy.
 U - a +1 demon trident of venom
   (You took it off Mara on level 3 of the Spider Nest)
 X - a +1 war axe of holy wrath
   (You took it off a vault guard on level 14 of the Dungeon)
Missiles
 I - 8 throwing nets
 J - 12 curare-tipped darts
Armour
 g - a +2 plate armour of fire resistance
   (You found it on level 3 of the Lair of Beasts)
 q - a +0 cloak of preservation
   (You found it in a bailey)
 F - a +2 pair of gloves (worn)
   (You found it on level 6 of the Dungeon)
 G - a +3 crystal plate armour (worn)
   (You took it off a minotaur in a Gauntlet)
 H - the +1 cloak of Irchiara (worn) {rF+ Str+7 SInv Stlth-}
   (You bought it in a shop on level 2 of the Orcish Mines)

   It affects your strength (+7).
   It protects you from fire.
   It lets you see invisible.
   It makes you less stealthy.
 O - the +1 pair of boots "Obiuhoemn" (worn) {rElec rPois}
   (You found it in a Gauntlet)

   It insulates you from electricity.
   It protects you from poison.
 P - the +1 hat of Grace (worn) {Contam rPois Str+3 SInv}
   (You found it in a Gauntlet)

   It affects your strength (+3).
   It protects you from poison.
   It lets you see invisible.
   It causes magical contamination when unequipped.
 Q - a +0 tower shield (worn)
   (You took it off an orc warlord on level 1 of the Orcish Mines)
 T - the +2 cloak of Rewauf {rC++ Dex+4}
   (You found it in a Gauntlet)

   It affects your dexterity (+4).
   It greatly protects you from cold.
Jewellery
 j - a +4 ring of slaying (right hand)
   (You found it on level 8 of the Dungeon)
 p - a +4 ring of protection (left hand)
   (You found it on level 9 of the Dungeon)
 B - a +6 ring of strength
   (You found it on level 5 of the Lair of Beasts)
 D - a +4 ring of slaying
   (You found it on level 2 of the Spider Nest)
 W - an amulet of reflection (around neck)
   (You found it on level 9 of the Dungeon)
Wands
 v - a wand of digging (15)
   (You found it on level 11 of the Dungeon)
 y - a wand of charming (6)
   (You found it on level 12 of the Dungeon)
 C - a wand of iceblast (83)
   (You found it on level 9 of the Dungeon)
 R - a wand of mindburst (14)
   (You found it in a Gauntlet)
 S - a wand of acid (13)
   (You found it in a Gauntlet)
Scrolls
 b - 6 scrolls of magic mapping
 c - a scroll of brand weapon
 e - 2 scrolls of holy word
 m - a scroll of summoning
 r - 5 scrolls of identify
 t - 8 scrolls of teleportation
 u - 6 scrolls of immolation
 A - 4 scrolls of fear
 K - 3 scrolls of silence
 L - 2 scrolls of enchant weapon
 V - a scroll of fog
Potions
 d - 5 potions of might
 f - 6 potions of magic
 h - a potion of haste
 i - 5 potions of cancellation
 l - 5 potions of attraction
 n - a potion of resistance
 E - 6 potions of lignification
 M - a potion of flight
Miscellaneous
 k - a piece from Xom's chessboard (15/15)
   (You found it on level 12 of the Dungeon)
 x - a tin of tremorstones (1/2)
   (You found it in the Desolation of Salt)


   Skills:
 * Level 15.1 Fighting
 * Level 17.3 Axes
 + Level 13.0 Armour
 + Level 13.1 Shields
 * Level 19.8 Invocations
 + Level 11.3 Evocations


You had 17 spell levels left.
You didn't know any spells.
Your spell library was empty.

Dungeon Overview and Level Annotations

Branches:
Dungeon (15/15)            Temple (0/1) D:7            Lair (6/6) D:11
  Swamp (2/4) Lair:2       Spider (4/4) Lair:4        Slime (0/5) Lair:5
    Orc (2/2) D:11            Elf (1/3) Orc:2        Vaults (0/5) D:14
 Depths (0/5) D:15         Bailey (visited)           IceCv (visited)
Desolation (1/1)          Gauntlet (visited)

Altars:
Cheibriados
Dithmenos
Elyvilon
Kikubaaqudgha
Makhleb
Okawaru
Qazlal
Vehumet
Xom
Yredelemnul
Zin
Beogh
Jiyva

Shops:
D:4 :   D:8 (   D:9 *   Orc:2 ([:!

Portals:
Trove: D:14 (give +3 fire dragon scales)

Annotations:
D:10 2 runed translucent doors
Lair:5 1 runed translucent door
Orc:1 2 transporters


Innate Abilities, Weirdness & Mutations

You are resistant to damage.
You can heal yourself by infusing magical energy.
You resist negative energy. (rN+)
You passively map a large area around you.
You do not regenerate.
You are partially covered in iridescent scales. (AC +2)
You are agile. (Dex +2)
You are dopey. (Int -2)


Message History

Something hits your saltling!
Your saltling is destroyed!
The ironbound convoker closely misses your +4 short sword of freezing.
Your +4 short sword of freezing hits the ironbound convoker!
Your +4 short sword of freezing freezes the ironbound convoker.
Your saltling barely misses the saltling.
The saltling hits your saltling but does no damage.
You slice the ironbound convoker!! You freeze the ironbound convoker.
You kill the ironbound convoker!
Qazlal accepts your kill. The saltling hits your saltling!!
Your saltling is destroyed!
Your saltling hits the saltling.
The saltling is destroyed!
Qazlal accepts your kill.
Your saltling dissolves into shadows!
Your imperial myrmidon hits the saltling with a +3 vorpal scimitar!!
The saltling misses your imperial myrmidon.
The saltling hits your saltling.
Your saltling barely misses the saltling.
Your +4 short sword of freezing hits the saltling!
Your +4 short sword of freezing freezes the saltling.
The saltling is destroyed!
Qazlal accepts your kill.
Things that are here:
a +0 great mace; a +0 ring mail Your +4 short sword of freezing dissolves into shadows!
You hear a shout!
You hear a shout!
A halazid warlock comes into view.
Your saltling is engulfed in blazing flames.
The servant of whispers utters an invocation to its god.
The air becomes perfectly still.
You swap places.
The servant of whispers shouts!
The ragged hierophant points at you and mumbles some strange words.
A blast of power from the earth strikes you!
The ragged hierophant casts a spell at you.
A blast of power from the earth strikes you!
You die...

,, ,, , , , ,, , , , , ,
,,###........###
####.......... ., ,, , ,
####.............. . ,
####.............. .. .. ,
####.....................
,####......#..............
,
####.....................
, ,
####....@.8a.............
, ,,
####...888L.8a.a.........
,####........)..)..(.888.8
, , ,
####.......aa...88...(8a8
,, ,
####..............a.#.p..
,,,
,####..#.....p..a....a....
,
####...............a..p..
,
,####.....................
####.....................


You could see 3 ragged hierophants, 3 servants of whispers, a halazid warlock,
an ironbound convoker, 2 saltlings and 3 friendly saltlings.

Vanquished Creatures
  Mara (Spider:3)
  An Executioner (Abyss:2)
  A tentacled starspawn (Abyss:2)
  Donald (Spider:1)
  3 ghost moths (Spider:4)
  A frost giant (D:12)
  3 orc warlords (Orc:1)
  An imperial myrmidon (Desolation)
  4 emperor scorpions
  2 stone giants
  2 entropy weavers
  A minotaur (Gauntlet)
  A bunyip (Swamp:1)
  5 spark wasps
  4 eleionomae (Swamp:1)
  Josephine (D:15)
  A deep elf high priest (Elf:1)
  9 vault guards (D:14)
  16 hydras
  3 servants of whispers (Desolation)
  4 boulder beetles
  4 ragged hierophants (Desolation)
  2 ogre magi
  2 centaur warriors
  4 peacekeepers (Desolation)
  21 two-headed ogres
  A dancing weapon (Elf:1)
  2 tengu warriors (D:14)
  4 alligators (Swamp:1)
  Sonja (D:11)
  Nergalle (Lair:1)
  3 spriggans (Swamp:1)
  2 sixfirhies
  A wretched star (Abyss:2)
  2 deep trolls (Orc:2)
  A large abomination (Abyss:2)
  4 skeletal warriors (D:11)
  3 deep elf archers (Elf:1)
  Pikel (D:9)
  A swamp dragon (Swamp:1)
  3 bog bodies (Swamp:1)
  2 wizards
  An ironbound convoker (Desolation)
  3 deep elf zephyrmancers (Elf:1)
  3 deep elf pyromancers
  15 ugly things
  2 necromancers
  12 orb spiders
  3 orc sorcerers
  20 wolf spiders
  A moth of wrath (Spider:2)
  11 cyclopes
  3 manticores
  A worldbinder (Abyss:2)
  An ice statue (IceCv)
  2 molten gargoyles
  6 black mambas
  10 elephants (Lair:6)
  Joseph (D:9)
  A smoke demon (Abyss:2)
  3 unseen horrors
  10 cane toads
  An unseen horror (shapeshifter) (D:14)
  3 rime drakes
  11 demonic crawlers
  10 freezing wraiths (IceCv)
  2 kobold demonologists (D:12)
  7 komodo dragons
  2 efreet (Gauntlet)
  The ghost of Thantalas the Magician, a novice DEFE (D:5)
  4 tengu conjurers
  A polar bear (Lair:3)
  22 jumping spiders
  2 ancient zymes (Abyss:2)
  Grinder (D:4)
  13 trolls
  10 blink frogs
  35 saltlings (Desolation)
  6 slime creatures (D:12)
  14 hornets
  4 dream sheep (Lair:5)
  3 shadows
  5 flying skulls (Abyss:2)
  5 wraiths (D:15)
  16 tarantellas
  A water elemental (D:11)
  An air elemental (Elf:1)
  62 redbacks
  72 yaks
  3 wyverns
  5 fire elementals (Gauntlet)
  Grum (D:11)
  2 humans (D:10)
  3 basilisks
  2 chaos spawn (Abyss:2)
  2 steam dragons
  6 vampire mosquitoes
  A naga (Abyss:2)
  A swamp worm (Swamp:1)
  2 acid dragons
  4 wargs
  28 water moccasins
  7 hell hounds
  Duvessa (D:4)
  3 swamp drakes (Swamp:1)
  16 ice beasts
  3 sky beasts
  2 hornet zombies
  31 orc warriors
  2 black bears
  31 ogres
  6 wolves
  2 necrophages
  A centaur (D:12)
  4 lemures (D:9)
  4 kobold brigands (D:12)
  2 small abominations (Abyss:2)
  A wyvern zombie (D:8)
  15 bullfrogs
  8 scorpions
  9 gnoll sergeants
  An earth elemental (Elf:1)
  Dowan (D:4)
  A wyvern skeleton (D:6)
  15 killer bees
  2 water moccasin skeletons
  A swamp dragon simulacrum (IceCv)
  5 electric eels (D:11)
  3 bullfrog zombies
  2 quasits (Abyss:2)
  3 jellies
  5 centaur zombies
  5 draconian simulacra (IceCv)
  4 hounds
  A centaur skeleton (D:5)
  6 gnoll shamans (Bailey)
  15 orc priests
  2 iguanas
  Ijyb (D:4)
  17 orc wizards
  5 polar bear simulacra (D:15)
  2 spriggan simulacra (IceCv)
  5 troll simulacra (IceCv)
  5 wolf simulacra
  4 yak simulacra (D:15)
  2 centaur simulacra (IceCv)
  A howler monkey zombie (D:9)
  23 gnolls
  19 adders
  4 naga simulacra (IceCv)
  2 ogre simulacra (IceCv)
  A shadow imp (D:5)
  13 white imps
  A worm (D:4)
  3 dart slugs
  71 orcs
  4 ball pythons
  6 endoplasms
  2 giant cockroaches
  9 goblins
  2 hobgoblins
  10 jackals
  8 kobolds
  3 quokkas
  A bat (D:3)
  2 frilled lizards (D:1)
  2 rats
  A starspawn tentacle (Abyss:2)
1062 creatures vanquished.

Vanquished Creatures (collateral kills)
  An imperial myrmidon (Desolation)
  A ragged hierophant (Desolation)
  A servant of whispers (Desolation)
  2 guardian serpents (Desolation)
  7 saltlings (Desolation)
12 creatures vanquished.

Vanquished Creatures (others)
  A rakshasa (Abyss:2)
  An ogre mage (Orc:2)
  A swamp dragon (Swamp:1)
  A deep elf pyromancer (Elf:1)
  A demonic crawler (Spider:4)
  An orc wizard (D:11)
  2 orcs (D:11)
  23 demonic plants (Gauntlet)
  21 fungi
  24 plants
  A starspawn tentacle (Abyss:2)
77 creatures vanquished.

Grand Total: 1151 creatures vanquished

Notes
Turn   | Place    | Note
-------+----------+-------------------------------------------
     0 | D:1      | amOGus the Deep Dwarf Fighter began the quest for the Orb.
     0 | D:1      | Reached XP level 1. HP: 20/20 MP: 1/1
    36 | D:1      | Reached XP level 2. HP: 27/27 MP: 2/2
    63 | D:1      | Found a faded altar of an unknown god.
   114 | D:1      | Became a worshipper of Qazlal Stormbringer
   114 | D:1      | Reached * piety under Qazlal
   158 | D:2      | You fall into a shaft and drop 2 floors!
   177 | D:4      | Noticed Dowan
   178 | D:4      | Noticed Duvessa
   179 | D:4      | Noticed Ijyb
   186 | D:4      | Killed Duvessa
   187 | D:4      | Reached skill level 2 in Invocations
   187 | D:4      | Reached XP level 3. HP: 18/34 MP: 2/4
   187 | D:4      | Reached XP level 4. HP: 22/42 MP: 2/5
   197 | D:4      | Reached XP level 5. HP: 42/49 MP: 3/6
   204 | D:4      | HP: 2/49 [Ijyb/+0 club (3)]
   226 | D:4      | Killed Ijyb
   236 | D:4      | Killed Dowan
   237 | D:4      | Reached skill level 3 in Invocations
   296 | D:4      | Reached XP level 6. HP: 51/57 MP: 8/8
   298 | D:4      | Found a shadowy altar of Dithmenos.
   412 | D:4      | Reached ** piety under Qazlal
   414 | D:4      | Reached skill level 4 in Invocations
   445 | D:4      | Noticed Grinder
   455 | D:4      | Paralysed by Grinder for 7 turns
   477 | D:4      | Killed Grinder
   478 | D:4      | Reached XP level 7. HP: 52/66 MP: 10/10
   713 | D:3      | Reached skill level 5 in Axes
  1072 | D:3      | Reached skill level 5 in Invocations
  1167 | D:4      | Found Huddiv's Book Boutique.
  1225 | D:5      | Entered Level 5 of the Dungeon
  1394 | D:5      | Found a large runed translucent door.
  1394 | D:5      | Found a large runed translucent door.
  1397 | D:5      | Noticed Thantalas's ghost (novice DEFE)
  1447 | D:5      | Killed Thantalas's ghost
  1447 | D:5      | Reached *** piety under Qazlal
  1448 | D:5      | Reached skill level 5 in Fighting
  1448 | D:5      | Reached skill level 6 in Invocations
  1448 | D:5      | Reached XP level 8. HP: 63/74 MP: 11/11
  1615 | D:5      | Reached skill level 5 in Armour
  1615 | D:5      | Reached skill level 5 in Shields
  1811 | D:6      | Reached skill level 7 in Invocations
  1901 | D:6      | Found a basalt altar of Yredelemnul.
  1912 | D:6      | Gained mutation: You passively map the area around you.
                  | [Deep Dwarf growth]
  1912 | D:6      | Reached XP level 9. HP: 76/82 MP: 12/12
  1966 | D:6      | Identified the +1 ring mail of Satisfaction {rCorr Str+3
                  | Int-5}
  2563 | D:7      | Found a staircase to the Ecumenical Temple.
  2632 | D:7      | Found a burning altar of Makhleb.
  2659 | D:7      | Reached skill level 8 in Invocations
  3016 | D:7      | Found a shimmering altar of Xom.
  3305 | D:8      | Found Upsi's Weapon Emporium.
  3678 | D:8      | Killed an unseen horror
  3679 | D:8      | Reached skill level 9 in Invocations
  3769 | D:8      | Found an ancient bone altar of Kikubaaqudgha.
  4028 | D:8      | Found a glowing silver altar of Zin.
  4209 | D:9      | Noticed a troll
  4216 | D:9      | Noticed Pikel
  4219 | D:9      | Killed a troll
  4219 | D:9      | Noticed Joseph
  4220 | D:9      | Reached XP level 10. HP: 65/94 MP: 12/12
  4240 | D:9      | Killed Joseph
  4241 | D:9      | Killed Pikel
  4316 | D:9      | Reached **** piety under Qazlal
  4329 | D:9      | Found a snail-covered altar of Cheibriados.
  4371 | D:9      | Found a white marble altar of Elyvilon.
  4394 | D:9      | Paralysed by a hornet for 2 turns
  4404 | D:9      | Reached skill level 10 in Invocations
  4470 | D:9      | Noticed a two-headed ogre
  4482 | D:9      | Killed a two-headed ogre
  4560 | D:9      | Found Jaohoitu's General Store.
  4564 | D:9      | Bought a scroll of enchant armour for 82 gold pieces
  4858 | D:10     | Entered Level 10 of the Dungeon
  4977 | D:10     | Found an iron altar of Okawaru.
  5220 | D:10     | Found the +9 staff of Olgreb {rPois∞}
  5223 | D:10     | Found a runed translucent door.
  5231 | D:10     | Found a runed translucent gate.
  5231 | D:10     | Found a runed translucent gate.
  5251 | D:10     | Found a runed translucent door.
  5263 | D:10     | Found a runed translucent gate.
  5309 | D:10     | Reached XP level 11. HP: 84/104 MP: 14/14
  5317 | D:10     | Found a radiant altar of Vehumet.
  5390 | D:10     | Reached skill level 11 in Invocations
  5545 | D:11     | Reached skill level 10 in Axes
  5556 | D:11     | Gained mutation: You are dopey. (Int -2) [potion of
                  | mutation]
  5556 | D:11     | Gained mutation: You are partially covered in iridescent
                  | scales. (AC +2) [potion of mutation]
  5556 | D:11     | Gained mutation: You are agile. (Dex +2) [potion of
                  | mutation]
  5619 | D:11     | Noticed Grum
  5620 | D:11     | Reached ***** piety under Qazlal
  5655 | D:11     | Killed Grum
  5692 | D:11     | Noticed Sonja
  5700 | D:11     | Killed Sonja
  5889 | D:11     | Noticed a skeletal warrior
  5890 | D:11     | Noticed a skeletal warrior
  5890 | D:11     | Noticed a skeletal warrior
  5891 | D:11     | Noticed a skeletal warrior
  5902 | D:11     | Killed a skeletal warrior
  5903 | D:11     | Reached skill level 12 in Invocations
  5905 | D:11     | Killed a skeletal warrior
  5906 | D:11     | Killed a skeletal warrior
  5915 | D:11     | Killed a skeletal warrior
  5996 | D:11     | Found a staircase to the Orcish Mines.
  6139 | D:11     | Found a staircase to the Lair.
  6520 | D:12     | Noticed a two-headed ogre
  6527 | D:12     | Killed a two-headed ogre
  6528 | D:12     | Reached XP level 12. HP: 104/115 MP: 14/14
  6630 | D:12     | Noticed a two-headed ogre
  6630 | D:12     | Noticed a two-headed ogre
  6632 | D:12     | Noticed a two-headed ogre
  6633 | D:12     | Noticed a two-headed ogre
  6633 | D:12     | Noticed a frost giant
  6635 | D:12     | Noticed a two-headed ogre
  6638 | D:12     | Killed a two-headed ogre
  6640 | D:12     | Noticed a two-headed ogre
  6641 | D:12     | Noticed a boulder beetle
  6650 | D:12     | Noticed a two-headed ogre
  6652 | D:12     | Killed a two-headed ogre
  6653 | D:12     | Reached skill level 10 in Fighting
  6653 | D:12     | Reached skill level 13 in Invocations
  6653 | D:12     | Killed a frost giant
  6654 | D:12     | Killed a two-headed ogre
  6655 | D:12     | Noticed a seven-headed hydra
  6658 | D:12     | Killed a two-headed ogre
  6668 | D:12     | Killed a seven-headed hydra
  6674 | D:12     | Killed a two-headed ogre
  6681 | D:12     | Killed a two-headed ogre
  6682 | D:12     | Noticed a two-headed ogre
  6691 | D:12     | Killed a two-headed ogre
  6732 | D:12     | Killed a boulder beetle
  6733 | D:12     | Reached XP level 13. HP: 91/124 MP: 9/12
  6736 | D:12     | Reached skill level 14 in Invocations
  7350 | D:13     | Reached skill level 1 in Evocations
  7929 | Orc:1    | Entered Level 1 of the Orcish Mines
  8051 | Orc:1    | Noticed an orc warlord
  8106 | Orc:1    | Killed an orc warlord
  8217 | Orc:1    | Noticed an orc warlord
  8220 | Orc:1    | Cast into level 1 of the Abyss (orc warrior)
  8266 | Abyss:2  | Noticed a tentacled starspawn
  8280 | Abyss:2  | Killed a tentacled starspawn
  8321 | Abyss:2  | Found a corrupted altar of Lugonu.
  8395 | Abyss:2  | Noticed an Executioner
  8409 | Abyss:2  | Killed an Executioner
  8460 | Abyss:2  | Reached skill level 10 in Shields
  8474 | Abyss:2  | Reached skill level 15 in Invocations
  8518 | Abyss:2  | Reached skill level 10 in Armour
  8520 | Orc:1    | Escaped the Abyss
  8561 | Orc:1    | Killed an orc warlord
  8562 | Orc:1    | Gained mutation: You resist negative energy. (rN+) [Deep
                  | Dwarf growth]
  8562 | Orc:1    | Reached XP level 14. HP: 87/126 MP: 7/7
  8739 | Orc:1    | Found a transporter.
  8743 | Orc:1    | Found a transporter.
  8745 | Orc:1    | Noticed a stone giant
  8992 | Orc:2    | Entered Level 2 of the Orcish Mines
  9029 | Orc:2    | Noticed an orc warlord
  9110 | Orc:1    | Killed an orc warlord
  9306 | Orc:2    | Reached ****** piety under Qazlal
  9323 | Orc:2    | Noticed a stone giant
  9339 | Orc:2    | Killed a stone giant
  9340 | Orc:2    | Reached skill level 5 in Evocations
  9613 | Orc:2    | Found Agikk's Distillery.
  9618 | Orc:2    | Found Getieh's Book Shop.
  9621 | Orc:2    | Bought a potion of might for 56 gold pieces
  9621 | Orc:2    | Bought a potion of might for 56 gold pieces
  9621 | Orc:2    | Bought a potion of might for 56 gold pieces
  9621 | Orc:2    | Bought a potion of haste for 140 gold pieces
  9623 | Orc:2    | Found Pesutam's Armour Shoppe.
  9624 | Orc:2    | Found Gefel's Antique Weapon Emporium.
  9632 | Orc:2    | Bought the +1 cloak of Irchiara {rF+ Str+7 SInv Stlth-} for
                  | 615 gold pieces
  9806 | Orc:2    | Found a staircase to the Elven Halls.
 10154 | Lair:1   | Entered Level 1 of the Lair of Beasts
 10163 | Lair:1   | Noticed Nergalle
 10174 | Lair:1   | Killed Nergalle
 10455 | Lair:1   | Reached skill level 16 in Invocations
 10568 | Lair:1   | Found a frozen archway.
 10582 | IceCv    | Entered an ice cave
 10774 | IceCv    | Found an ancient bone altar of Kikubaaqudgha.
 11356 | Lair:2   | Found a staircase to the Swamp.
 11599 | Lair:2   | Reached XP level 15. HP: 146/146 MP: 5/5
 12477 | Lair:3   | Identified the +6 broad axe "Zeng" {freeze, rN+ Stlth+}
 13704 | Lair:4   | Found a hole to the Spider Nest.
 13804 | Lair:4   | You fall into a shaft and drop 2 floors!
 13804 | Lair:6   | Entered Level 6 of the Lair of Beasts
 13804 | Lair:6   | Found a gate leading to a gauntlet.
 13811 | Gauntlet | Entered a Gauntlet
 13811 | Gauntlet | Found a transporter.
 13811 | Gauntlet | Found a transporter.
 13815 | Gauntlet | Found a transporter.
 13815 | Gauntlet | Found a transporter.
 13824 | Gauntlet | Found a transporter.
 13849 | Gauntlet | Found a transporter.
 13852 | Gauntlet | Found a transporter.
 13854 | Gauntlet | Found a transporter.
 13854 | Gauntlet | Found a transporter.
 13858 | Gauntlet | Found a transporter.
 13892 | Gauntlet | Found a transporter.
 13910 | Gauntlet | Found a transporter.
 13956 | Gauntlet | Found a transporter.
 13972 | Gauntlet | Found a transporter.
 14072 | Gauntlet | Found a transporter.
 14086 | Gauntlet | Found a transporter.
 14216 | Gauntlet | Identified the +1 pair of boots "Obiuhoemn" {rElec rPois}
 14268 | Gauntlet | Identified the +1 hat of Grace {Contam rPois Str+3 SInv}
 14332 | Gauntlet | Identified the +2 cloak of Rewauf {rC++ Dex+4}
 14407 | Lair:6   | Reached skill level 17 in Invocations
 14420 | Lair:6   | Reached skill level 15 in Axes
 14964 | Lair:5   | Found a runed translucent door.
 14965 | Lair:5   | Found a viscous altar of Jiyva.
 14966 | Lair:5   | Found a staircase to the Slime Pits.
 14966 | Lair:5   | Noticed an azure jelly
 14966 | Lair:5   | Noticed an azure jelly
 15014 | Lair:5   | Found a radiant altar of Vehumet.
 15660 | Spider:1 | Entered Level 1 of the Spider Nest
 15986 | Spider:1 | Reached XP level 16. HP: 107/157 MP: 4/4
 16002 | Spider:2 | Noticed Donald
 16016 | Spider:1 | Killed Donald
 16690 | Spider:3 | Noticed Mara
 16699 | Spider:3 | Noticed amOGus's illusion
 16704 | Spider:3 | Killed Mara
 16705 | Spider:3 | Reached skill level 18 in Invocations
 17119 | Spider:4 | Entered Level 4 of the Spider Nest
 17588 | Spider:4 | Reached XP level 17. HP: 120/166 MP: 1/1
 17737 | Spider:4 | Got a gossamer rune of Zot
 17926 | Swamp:1  | Entered Level 1 of the Swamp
 17940 | Swamp:1  | Reached skill level 10 in Evocations
 18179 | D:14     | Found a flagged portal.
 18215 | Bailey   | Entered a bailey
 18620 | D:14     | Reached skill level 19 in Invocations
 18669 | D:14     | Found a gate to the Vaults.
 18748 | D:14     | Identified the +2 ring mail of Iblilout {-Cast rElec rCorr
                  | Dex+7}
 18823 | D:14     | Found a portal to a secret trove of treasure.
 19225 | D:15     | Entered Level 15 of the Dungeon
 19770 | D:15     | Identified the +2 scale mail "Qoim" {Harm Dex-5 Stlth+}
 20102 | D:15     | Found a staircase to the Depths.
 20270 | D:15     | Noticed Josephine
 20277 | D:15     | Killed Josephine
 20782 | Elf:1    | Entered Level 1 of the Elven Halls
 20910 | Elf:1    | Found a ruined gateway.
 20916 | Desolati | Entered the Desolation of Salt
 20938 | Desolati | Gained mutation: You passively map a large area around you.
                  | [Deep Dwarf growth]
 20938 | Desolati | Reached XP level 18. HP: 38/177 MP: 1/1
 21004 | Desolati | Reached skill level 15 in Fighting
 21012 | Desolati | Identified the +0 flail of Proximity {vamp, Fragile rC+++
                  | MP+9 Int+2}
 21082 | Desolati | Killed from afar by a ragged hierophant

Illustrated notes

Levels and vault maps discovered:
D:1:      lemuel_arrival_hallway, layout_loops_cross,
          hellmonk_ecumenical_altar_leap_of_faith
D:2:      layout_loops_ring, kennysheep_another_room, grunt_decor_junction
D:3:      layout_rooms, hangedman_abyss_or_decor_stabs,
          hangedman_decor_clover_reticule, minmay_misc_feat_more_columns,
          st_stairs_11
D:4:      cheibrodos_helix_gallery, layout_rooms, amcnicky_altar_gilded,
          serial_shops, shop, st_stairs_1, uniq_duvessa, uniq_ijyb, uniq_grinder
D:5:      layout_loops_ring, ebering_ghost_disaster_area,
          chequers_serial_rivers_room_a
D:6:      layout_gridville, nicolae_yredelemnul_corpse_copse
D:7:      layout_loops_ring, kennysheep_little_box,
          nicolae_overflow_crystal_walls, temple_green
D:8:      layout_loops_corners, lemuel_crystal_altar, zin_treasury,
          serial_shops, shop, serial_glass, glass_columns_a, glass_columns_c,
          glass_columns_a, glass_columns_a, glass_columns_a, glass_columns_b,
          glass_columns_a, glass_columns_a, glass_columns_a, glass_columns_c,
          glass_columns_b, glass_columns_b, glass_columns_a, glass_columns_c
D:9:      layout_cave_pools, elyvilon_altar_5, marbit_many_paths, serial_shops,
          shop, uniq_pikel, uniq_joseph
D:10:     layout_roguey, lemuel_round_altar, okawaru_humans,
          hangedman_decor_peaks_small, minmay_guarded_unrand_staff_of_olgreb
D:11:     layout_basic, grunt_lair_entry_orc_guard_hut, orc_0_dummy, uniq_sonja,
          uniq_grum
D:12:     cheibrodos_monumental, layout_basic, minmay_fractal_squares_5
D:13:     layout_basic, special_room [special_room_orc]
D:14:     layout_roguey, erik_vaults_2, enter_bailey_5, minmay_fountain_box,
          enter_trove_5, statue_in_the_mist_lemuel
D:15:     grunt_enter_depths_giant_problem, layout_basic, serial_rivers,
          chequers_serial_rivers_marsh, chequers_serial_rivers_room_b,
          chequers_serial_rivers_small_3, chequers_serial_rivers_large_b,
          chequers_serial_rivers_small_a, chequers_serial_rivers_small_3,
          eino_house_with_fridge, uniq_josephine
Lair:1:   layout_chaotic_city, portal_ice_cave_entry_ice_beasts, uniq_nergalle
Lair:2:   layout_chaotic_city, swamp_mist
Lair:3:   lemuel_reptile_caves, layout_layer_cave
Lair:4:   layout_misc_corridors, spider_nest_entry_funnel_web,
          serial_bayou_shore_b
Lair:5:   layout_hall_layers, slime_altar_2, basic_altar,
          chequers_serial_rivers_micro_e
Lair:6:   cheibrodos_lair_end_hotspot, layout_small_grid, gauntlet_entry_generic
Swamp:1:  layout_basic_swamp, hangedman_swamp_ruin_hall, st_swamp_ruins_1
Swamp:2:  layout_basic_swamp, evilmike_swamp_ruin_house_5, uniq_louise
Spider:1: layout_spider_delve, drop_trap
Spider:2: layout_spider_delve, uniq_donald
Spider:3: layout_spider_delve, nicolae_spider_paper_wasps, uniq_mara
Spider:4: guppyfry_spider_rune
Orc:1:    gammafunk_beogh_shrine, layout_diamond_mine, basic_altar
Orc:2:    st_orc_open, layout_diamond_mine, nicolae_orc_lava_room
Elf:1:    minmay_elf_arrival_summoners, layout_loops_cross, special_room
          [special_room_orc], portal_desolation_entry_ruin,
          minmay_elf_demonology
Desolation

Skill      XL: |  1  2  3  4  5  6  7  8  9 10 11 12 13 14 15 16 17 18 |
---------------+-------------------------------------------------------+-----
Fighting       | 3 4 5 6 7 8 9 10 11 12 13 14 15 | 15.1
Axes           | 3 4 5 6 8 9 11 12 13 14 15 16 17 | 17.3
Invocations    | 2 3 4 6 7 9 10 12 13 15 16 17 18 19 | 19.8
Armour         | 4 5 6 7 8 9 10 11 12 13 | 13.0
Shields        | 4 5 6 7 8 9 10 11 12 13 | 13.1
Evocations     | 4 6 8 9 11 | 11.3

Action                   |  1- 3 |  4- 6 |  7- 9 | 10-12 | 13-15 | 16-18 || total
-------------------------+-------+-------+-------+-------+-------+-------++-------
Melee: War axe           |    46 |    65 |   312 |   389 |   933 |       ||  1745
       Broad axe         |       |       |       |       |   263 |   775 ||  1038
Invok: Upheaval          |       |       |       |     6 |     6 |       ||    12
 Abil: Heal Wounds       |       |     5 |    12 |    36 |    71 |    17 ||   141
Evoke: Wand              |       |       |     3 |     7 |    15 |       ||    25
       Piece from Xom's  |       |       |       |       |    15 |     1 ||    16
       Tin of tremorston |       |       |       |       |       |     1 ||     1
  Use: Potion            |       |     1 |       |     3 |     2 |    27 ||    33
       Scroll            |       |       |    13 |     3 |    13 |     9 ||    38
 Stab: Petrified         |       |       |       |       |     3 |       ||     3
       Paralysed         |       |       |       |       |     1 |       ||     1
       Invisible         |       |       |       |       |       |     4 ||     4
       Confused          |       |       |       |       |       |     2 ||     2
       Distracted        |       |       |       |       |       |     1 ||     1
Armor: Scale mail        |    16 |    39 |       |       |       |       ||    55
       Plate armour      |       |    16 |   249 |   278 |   504 |       ||  1047
       Chain mail        |       |       |       |       |   159 |       ||   159
       Crystal plate arm |       |       |       |       |    92 |   678 ||   770
Dodge: Dodged            |    13 |    35 |    71 |    70 |   161 |    98 ||   448
       Repelled          |       |       |       |     3 |     6 |     1 ||    10
Block: Kite shield       |    37 |    65 |   311 |   540 |   529 |       ||  1482
       Reflection        |       |       |       |     9 |    20 |    35 ||    64
       Tower shield      |       |       |       |       |  1342 |  1574 ||  2916

Table legend: (Time is in decaauts)
 A = Elapsed time spent in this place.
 B = Non-inter-level travel time spent in this place.
 C = Inter-level travel time spent in this place.
 D = Time resting spent in this place.
 E = Time spent auto-exploring this place.
 F = Levels seen in this place.
 G = Mean time per level.
                   A        B        C        D        E       F      G
               +--------+--------+--------+--------+--------+-----+--------+
         Total |  21567 |  20087 |   1480 |    169 |  14340 |  36 |  599.1 |
       Dungeon |  10473 |   9810 |    663 |     10 |   7389 |  15 |  698.2 |
          Lair |   4840 |   4447 |    393 |    150 |   3557 |   6 |  806.7 |
         Swamp |    168 |    137 |     31 |      6 |     17 |   2 |   84.0 |
   Spider Nest |   2225 |   2068 |    157 |      0 |   1381 |   4 |  556.2 |
  Orcish Mines |   1983 |   1749 |    234 |      0 |   1156 |   2 |  991.5 |
   Elven Halls |    133 |    133 |      0 |      0 |      0 |   1 |  133.0 |
         Abyss |    293 |    293 |      0 |      3 |     88 |   2 |  146.5 |
        Bailey |    318 |    318 |      0 |      0 |    197 |   1 |  318.0 |
      Ice Cave |    459 |    459 |      0 |      0 |    245 |   1 |  459.0 |
    Desolation |    132 |    132 |      0 |      0 |      1 |   1 |  132.0 |
      Gauntlet |    539 |    539 |      0 |      0 |    309 |   1 |  539.0 |
               +--------+--------+--------+--------+--------+-----+--------+

Top non-repeatable levels by time:
  Lair:3: 1415 daAuts
    D:11: 1307 daAuts
    D:15: 1281 daAuts
   Orc:2: 1026 daAuts
     D:8: 980 daAuts
  Lair:5: 964 daAuts
   Orc:1: 956 daAuts
     D:6: 920 daAuts
    D:12: 825 daAuts
  Lair:2: 794 daAuts
  Lair:1: 772 daAuts
    D:14: 761 daAuts
     D:7: 743 daAuts
Spider:4: 681 daAuts
  Lair:4: 674 daAuts
